[Event "Titled Tuesday Blitz August 22 Early 2023"]
[White "Czopor, Maciej"]
[Black "Seletsky, Grigory"]
[WhiteFideId "21805431"]
[BlackFideId "14112191"]
[WhiteElo "2601"]
[BlackElo "2470"]
[Result "1/2-1/2"]
[Round "9"]
[TimeControl "180+1"]
[Date "2023.08.22"]
[WhiteClock "0:00:12"]
[BlackClock "0:01:05"]
[Board "88"]

1. d4 d5 2. c4 c6 3. Nc3 Nf6 4. Nf3 a6 5. c5 Bf5 6. Bf4 Nbd7 7. e3 e6 8. Be2 h6 9. h3 Be7 10. g4 Bh7 11. Ne5 Nxe5 12. Bxe5 O-O 13. Qb3 Qc8 14. Na4 Nd7 15. Nb6 Nxb6 16. Qxb6 Bd8 17. Qb3 Bc7 18. f4 f6 19. Bxc7 Qxc7 20. O-O-O Be4 21. Rhg1 e5 22. dxe5 fxe5 23. f5 Qe7 24. Qc3 Rab8 25. Bd3 Bxd3 26. Rxd3 e4 27. Rd2 b6 28. cxb6 Rxb6 29. Kb1 Qf6 30. Qxf6 Rxf6 31. h4 Kf7 32. Rf2 g6 33. Rgf1 gxf5 34. Rxf5 Rxf5 35. Rxf5+ Ke7 36. Kc2 Rb8 37. Rh5 Rg8 38. Rxh6 Rxg4 39. Rxc6 Rxh4 40. Rxa6 Rh2+ 41. Kc3 Re2 42. Kd4 Rd2+ 43. Ke5 d4 44. exd4 e3 45. Re6+ Kd7 46. Kd5 Rxb2 47. Rxe3 Rxa2 48. Ke5 Ra5+ 49. d5 Ra6 50. Rh3 Rb6 51. Rh7+ Kd8 52. Rh8+ Kd7 53. Rh4 Ra6 54. Rc4 Rb6 55. Ra4 Rh6 56. Ra7+ Kd8 57. Ra8+ Kd7 58. Rf8 Ra6 59. Rf7+ Kd8 60. Rf6 Rxf6 61. Kxf6 Kd7 62. Ke5 Ke7 63. d6+ Kd7 64. Kd5 Kd8 65. Ke6 Ke8 66. Ke5 Kd7 67. Kd5 Kd8 68. Kc5 Kd7 69. Kd5 1/2-1/2


[Site "https://www.chess.com"]

[Event "Titled Tuesday Blitz August 22 Early 2023"]
[White "Aevengho"]
[Black "Rietze, Clemens, Dr."]
[BlackFideId "24620351"]
[WhiteElo "2579"]
[BlackElo "2460"]
[Result "1-0"]
[Round "9"]
[TimeControl "180+1"]
[Date "2023.08.22"]
[WhiteClock "0:01:31"]
[BlackClock "0:01:00"]
[Board "89"]

1. e4 c5 2. Nc3 Nc6 3. Nf3 Nf6 4. Bb5 Qc7 5. O-O Nd4 6. e5 Nxf3+ 7. Qxf3 Qxe5 8. d3 a6 9. Bc4 e6 10. Bf4 Qf5 11. Na4 Kd8 12. Nb6 Ra7 13. Bb8 Qxf3 14. gxf3 d5 15. Bb3 c4 16. dxc4 Bc5 17. Bxa7 1-0


[Site "https://www.chess.com"]

[Event "Titled Tuesday Blitz August 22 Early 2023"]
[White "Aggelis, Nikolaos"]
[Black "Rosh Jain"]
[WhiteFideId "4213220"]
[BlackFideId "25789465"]
[WhiteElo "2576"]
[BlackElo "2458"]
[Result "0-1"]
[Round "9"]
[TimeControl "180+1"]
[Date "2023.08.22"]
[WhiteClock "0:01:05"]
[BlackClock "0:01:01"]
[Board "90"]

1. c4 e6 2. g3 Nf6 3. Bg2 d5 4. Nf3 dxc4 5. Qa4+ Nc6 6. Qxc4 Bd6 7. O-O O-O 8. d4 e5 9. dxe5 Nxe5 10. Nxe5 Bxe5 11. Nc3 c6 12. Be3 Be6 13. Qb4 Qc7 14. Rfd1 a5 15. Qh4 Rfd8 16. Ne4 Nxe4 17. Bxe4 g6 18. Bg5 Rxd1+ 19. Rxd1 Bxb2 20. Bd8 Qe5 21. Bc2 Qxe2 22. Ba4 b5 23. Qe7 bxa4 24. Rd6 Qe1+ 25. Kg2 Bd5+ 0-1


[Site "https://www.chess.com"]

[Event "Titled Tuesday Blitz August 22 Early 2023"]
[White "Melnichuk, Mikhail"]
[Black "Ezat, Mohamed"]
[WhiteFideId "14117533"]
[BlackFideId "10600906"]
[WhiteElo "2458"]
[BlackElo "2572"]
[Result "1-0"]
[Round "9"]
[TimeControl "180+1"]
[Date "2023.08.22"]
[WhiteClock "0:00:47"]
[BlackClock "0:00:06"]
[Board "91"]

1. Nf3 Nf6 2. d4 d6 3. c4 Bg4 4. Nc3 Bxf3 5. exf3 c6 6. Bd3 Nbd7 7. O-O e6 8. d5 exd5 9. cxd5 Be7 10. dxc6 bxc6 11. Re1 O-O 12. Bf4 d5 13. Rc1 Nc5 14. Bb1 Ne6 15. Be5 Nd7 16. Bg3 Nb6 17. f4 Bb4 18. f5 Nc5 19. a3 Bxc3 20. Rxc3 Ne4 21. Rxc6 Re8 22. Bxe4 dxe4 23. h3 Qd5 24. Qxd5 Nxd5 25. Rd1 Rad8 26. Ra6 Re7 27. Rd6 Rxd6 28. Bxd6 e3 29. Bxe7 e2 30. Re1 Nxe7 31. Rxe2 Kf8 32. Rxe7 1-0


[Site "https://www.chess.com"]

[Event "Titled Tuesday Blitz August 22 Early 2023"]
[White "Liu, Casper"]
[Black "Kozin, Yuri"]
[WhiteFideId "1454153"]
[BlackFideId "4129920"]
[WhiteElo "2457"]
[BlackElo "2562"]
[Result "1-0"]
[Round "9"]
[TimeControl "180+1"]
[Date "2023.08.22"]
[WhiteClock "0:02:05"]
[BlackClock "0:01:44"]
[Board "92"]

1. e4 c5 2. d4 cxd4 3. Qxd4 Nc6 4. Qe3 d5 5. exd5 Qxd5 6. Qb3 Nf6 7. Nf3 e6 8. Bc4 Qe4+ 9. Be3 Na5 10. Bb5+ Bd7 11. Bxd7+ Nxd7 12. Qb5 Qc6 13. Qxa5 Qxc2 14. O-O Qxb2 15. Bd4 Qe2 16. Nc3 Qc4 17. Nb5 1-0


[Site "https://www.chess.com"]

[Event "Titled Tuesday Blitz August 22 Early 2023"]
[White "Shukhman, Anna"]
[Black "Ljukin, Sergei"]
[WhiteFideId "54180058"]
[BlackFideId "14102200"]
[WhiteElo "2555"]
[BlackElo "2455"]
[Result "1-0"]
[Round "9"]
[TimeControl "180+1"]
[Date "2023.08.22"]
[WhiteClock "0:00:07"]
[BlackClock "0:00:03"]
[Board "93"]

1. e4 e6 2. d4 d5 3. Nc3 Bb4 4. e5 Ne7 5. a3 Bxc3+ 6. bxc3 c5 7. Qg4 Qc7 8. Qxg7 Rg8 9. Qxh7 cxd4 10. Ne2 Nbc6 11. f4 Bd7 12. h4 dxc3 13. h5 O-O-O 14. Qd3 d4 15. Nxd4 Nxd4 16. Qxd4 Kb8 17. Qf2 Nf5 18. Rh3 Ba4 19. Bd3 Bc6 20. Bf1 Be4 21. h6 Qd7 22. Be3 Nxe3 23. Rxe3 Qd4 24. Re2 Qd5 25. Re3 Qd4 26. g3 Bxc2 27. Bg2 Bd3 28. Qf3 Ba6 29. Ra2 Rg6 30. h7 Rh6 31. Rxc3 Qg1+ 32. Bf1 Rxh7 33. Rg2 Qd4 34. Bxa6 bxa6 35. Rb2+ Qb6 36. Rxb6+ axb6 37. Rb3 Ka7 38. Qc6 Rb8 39. Rd3 Rb7 40. Rd8 f5 41. Qc8 b5 42. Qa8+ Kb6 43. Rd6+ Kc7 44. Qd8# 1-0


[Site "https://www.chess.com"]

[Event "Titled Tuesday Blitz August 22 Early 2023"]
[White "Sai Han Thiha"]
[Black "Mihailidis, Anastasios"]
[WhiteFideId "13012290"]
[BlackFideId "4205588"]
[WhiteElo "2454"]
[BlackElo "2538"]
[Result "0-1"]
[Round "9"]
[TimeControl "180+1"]
[Date "2023.08.22"]
[WhiteClock "0:01:20"]
[BlackClock "0:00:57"]
[Board "94"]

1. Nf3 d5 2. g3 Nf6 3. Bg2 e6 4. O-O Be7 5. d3 O-O 6. Nbd2 c5 7. e4 Nc6 8. Re1 b5 9. e5 Nd7 10. Nf1 f6 11. exf6 Nxf6 12. c4 bxc4 13. dxc4 Ne4 14. Ne3 Nf6 15. Ng5 h6 16. cxd5 exd5 17. Nxd5 hxg5 18. Nxe7+ Nxe7 19. Qxd8 Rxd8 20. Bxa8 Nf5 21. Bxg5 Nd4 22. Rad1 Bg4 23. f3 Rxa8 24. fxg4 Nf3+ 25. Kf2 Nxg5 26. Re5 Nxg4+ 27. Ke2 Nxe5 28. Rd5 Re8 29. h4 Ngf7 30. b3 Nc6+ 31. Kd2 Rd8 32. Rxd8+ Ncxd8 33. Kd3 Nh6 34. Kc4 Ne6 35. Kd5 Kf7 36. a3 Nf5 37. h5 Nxg3 38. b4 cxb4 39. axb4 Nxh5 40. Kc6 g5 41. Kb7 g4 42. Kxa7 g3 43. b5 g2 44. b6 g1=Q 45. Ka8 Qa1+ 46. Kb7 Qb2 47. Ka7 Nc5 48. Ka8 Ke7 49. Ka7 Kd7 50. Ka8 Kc8 51. Ka7 Qa3# 0-1


[Site "https://www.chess.com"]

[Event "Titled Tuesday Blitz August 22 Early 2023"]
[White "Al-Tarboush, Ward"]
[Black "Arencibia Monduy, Antonio"]
[WhiteFideId "7601450"]
[BlackFideId "3507939"]
[WhiteElo "2533"]
[BlackElo "2448"]
[Result "1-0"]
[Round "9"]
[TimeControl "180+1"]
[Date "2023.08.22"]
[WhiteClock "0:02:24"]
[BlackClock "0:00:33"]
[Board "95"]

1. e4 c5 2. Nf3 d6 3. d4 cxd4 4. Nxd4 Nf6 5. Nc3 a6 6. h3 e5 7. Nde2 Be6 8. g4 h6 9. Bg2 Nc6 10. Be3 Be7 11. Ng3 Rc8 12. Nf5 Bxf5 13. exf5 Qa5 14. O-O O-O 15. Qd2 Qc7 16. Rad1 Rfd8 17. Qe2 b5 18. a3 Na5 19. h4 Qc4 20. g5 Qxe2 21. Nxe2 hxg5 22. hxg5 Ng4 23. Bb6 Nc4 24. Bxd8 Bxd8 25. Bb7 Rc7 26. Bxa6 Bxg5 27. Bxb5 Nxb2 28. Rxd6 Rxc2 29. a4 e4 30. a5 e3 31. f4 Be7 32. Rd7 Bc5 33. a6 Nf6 34. a7 Bxa7 35. Rxa7 Rc5 36. Kg2 Rxb5 37. Ra8+ Kh7 38. Rh1+ 1-0


[Site "https://www.chess.com"]

[Event "Titled Tuesday Blitz August 22 Early 2023"]
[White "Nazaretyan, Tigran"]
[Black "Namitbir Singh Walia"]
[WhiteFideId "24162345"]
[BlackFideId "35071068"]
[WhiteElo "2533"]
[BlackElo "2441"]
[Result "1-0"]
[Round "9"]
[TimeControl "180+1"]
[Date "2023.08.22"]
[WhiteClock "0:01:51"]
[BlackClock "0:00:52"]
[Board "96"]

1. d4 Nf6 2. c4 c5 3. d5 g6 4. Nc3 Bg7 5. e4 d6 6. Bd3 O-O 7. h3 e5 8. Nge2 Na6 9. g4 h6 10. Ng3 Nc7 11. Be3 Kh7 12. Qd2 a6 13. a4 b6 14. f3 Rb8 15. h4 Bd7 16. g5 Ng8 17. h5 b5 18. gxh6 Bh8 19. O-O-O bxa4 20. Rdg1 Ne8 21. Qg2 a3 22. Nf5 gxf5 23. Qg6+ fxg6 24. hxg6# 1-0


[Site "https://www.chess.com"]

[Event "Titled Tuesday Blitz August 22 Early 2023"]
[White "Martin Carmona, Gaston Manuel"]
[Black "Goldin, Roman"]
[WhiteFideId "22284567"]
[BlackFideId "2803860"]
[WhiteElo "2527"]
[BlackElo "2440"]
[Result "0-1"]
[Round "9"]
[TimeControl "180+1"]
[Date "2023.08.22"]
[WhiteClock "0:00:00"]
[BlackClock "0:00:49"]
[Board "97"]

1. e4 Nc6 2. Nf3 e5 3. Bc4 Nf6 4. d3 Be7 5. O-O O-O 6. a4 a6 7. Nc3 d6 8. Bg5 Be6 9. Bxf6 Bxf6 10. Nd5 g6 11. Qd2 Bg7 12. Ng5 Bd7 13. c3 Na5 14. Ba2 c6 15. Ne3 Qxg5 16. g3 b5 17. axb5 axb5 18. b4 Nb7 19. Bb3 Be6 20. Qc2 h5 21. Bxe6 fxe6 22. Qb3 d5 23. h4 Qe7 24. Qb2 Nd6 25. Ra3 dxe4 26. dxe4 Nxe4 27. Rfa1 Rxa3 28. Rxa3 Nxf2 29. Qe2 e4 30. Ra6 Qd6 31. Kg2 Nd3 32. Nd1 Rf3 33. Ra8+ Kh7 34. Qxe4 Qxg3+ 0-1


[Site "https://www.chess.com"]

[Event "Titled Tuesday Blitz August 22 Early 2023"]
[White "Eggleston, Thomas A"]
[Black "Lehtosaari, Mauri"]
[WhiteFideId "412139"]
[BlackFideId "501999"]
[WhiteElo "2438"]
[BlackElo "2521"]
[Result "0-1"]
[Round "9"]
[TimeControl "180+1"]
[Date "2023.08.22"]
[WhiteClock "0:00:00"]
[BlackClock "0:00:16"]
[Board "98"]

1. d4 d5 2. Nf3 Nf6 3. Nbd2 c6 4. b4 a5 5. bxa5 Qxa5 6. e3 Bg4 7. Be2 e6 8. O-O b5 9. Ne5 Bxe2 10. Qxe2 Bd6 11. a4 bxa4 12. c4 Qa6 13. Ba3 Bxa3 14. Rxa3 O-O 15. Rfa1 Nfd7 16. Rxa4 Qxa4 17. Rxa4 Rxa4 18. Nef3 Nf6 19. h3 Nbd7 20. e4 dxe4 21. Ng5 h6 22. Ngxe4 Rb8 23. Nd6 Rb2 24. Qd3 Raa2 25. N2e4 Nxe4 26. Nxe4 Nf6 27. Nxf6+ gxf6 28. Qg3+ Kh7 29. Qc7 Kg7 30. Qxc6 Rxf2 31. Qb7 Rab2 32. Qa8 Rfd2 33. Qe4 f5 34. Qe5+ Kg6 35. Qg3+ Kh7 36. d5 exd5 37. Qc7 Rxg2+ 38. Kf1 Kg6 39. cxd5 Rgc2 40. Qg3+ Kh7 41. Qe1 Rh2 42. Kg1 Rbg2+ 43. Kf1 Rh1+ 44. Kxg2 Rxe1 0-1


[Site "https://www.chess.com"]

[Event "Titled Tuesday Blitz August 22 Early 2023"]
[White "Vivas Zamora, Fabian Ernesto"]
[Black "NovozhilovSemen"]
[WhiteFideId "3902480"]
[WhiteElo "2436"]
[BlackElo "2519"]
[Result "1-0"]
[Round "9"]
[TimeControl "180+1"]
[Date "2023.08.22"]
[WhiteClock "0:00:57"]
[BlackClock "0:01:47"]
[Board "99"]

1. e4 e6 2. d4 d5 3. Nd2 c5 4. Ngf3 Nf6 5. e5 Nfd7 6. c3 Nc6 7. Bd3 g6 8. h4 h6 9. a3 a5 10. Nf1 Bg7 11. Bc2 O-O 12. h5 g5 13. Nxg5 hxg5 14. h6 Bh8 15. h7+ Kg7 16. Qh5 f5 17. Bxg5 Qb6 18. Bh6+ Kxh7 19. Bxf8+ Kg8 20. Qxh8+ Kf7 21. Rh7+ Ke8 22. Bd6+ 1-0


[Site "https://www.chess.com"]

[Event "Titled Tuesday Blitz August 22 Early 2023"]
[White "Avazkhonov, Alikhon"]
[Black "Estrada Nieto, Julian"]
[WhiteFideId "14208504"]
[BlackFideId "5101018"]
[WhiteElo "2419"]
[BlackElo "2519"]
[Result "0-1"]
[Round "9"]
[TimeControl "180+1"]
[Date "2023.08.22"]
[WhiteClock "0:00:04"]
[BlackClock "0:01:47"]
[Board "100"]

1. d4 d5 2. c4 dxc4 3. Nc3 a6 4. a4 Nc6 5. Nf3 Bg4 6. e3 Na5 7. h3 Bxf3 8. Qxf3 Nf6 9. Rb1 e6 10. Be2 Bb4 11. O-O O-O 12. Rd1 c6 13. e4 b5 14. e5 Nd5 15. Ne4 Be7 16. Qg3 Kh8 17. Ng5 Nb3 18. Bf4 Nxf4 0-1


[Site "https://www.chess.com"]

[Event "Titled Tuesday Blitz August 22 Early 2023"]
[White "Balabayeva, Xeniya"]
[Black "pasteta13"]
[WhiteFideId "13719688"]
[WhiteElo "2516"]
[BlackElo "2415"]
[Result "1-0"]
[Round "9"]
[TimeControl "180+1"]
[Date "2023.08.22"]
[WhiteClock "0:00:08"]
[BlackClock "0:00:02"]
[Board "101"]

1. d4 Nf6 2. Bf4 e6 3. e3 c5 4. c3 Nc6 5. Nd2 d5 6. Ngf3 Bd6 7. Bg3 O-O 8. Bd3 b6 9. Ne5 Qc7 10. f4 g6 11. Bh4 Nd7 12. Qg4 Be7 13. Ndf3 Ncxe5 14. fxe5 f5 15. Qh3 Nb8 16. Bg5 Bxg5 17. Nxg5 Qe7 18. Qg3 f4 19. exf4 cxd4 20. cxd4 Qb4+ 21. Ke2 Nc6 22. Nxh7 Qxb2+ 23. Kf3 Nxd4+ 24. Ke3 Nf5+ 25. Bxf5 d4+ 26. Kf3 Bb7+ 27. Be4 Qc3+ 28. Kg4 Bxe4 29. Qxc3 Bf5+ 30. Kg5 dxc3 31. Nxf8 Kxf8 32. g4 Be4 33. Rhe1 Bd3 34. Re3 Rd8 35. Rc1 c2 36. Kf6 Ke8 37. Kxe6 Kf8 38. Rxd3 Rxd3 39. Rxc2 Rd4 40. f5 1-0


[Site "https://www.chess.com"]

[Event "Titled Tuesday Blitz August 22 Early 2023"]
[White "Boraso, Alessio"]
[Black "arenal72"]
[WhiteFideId "848077"]
[WhiteElo "2516"]
[BlackElo "2494"]
[Result "0-1"]
[Round "9"]
[TimeControl "180+1"]
[Date "2023.08.22"]
[WhiteClock "0:00:02"]
[BlackClock "0:00:03"]
[Board "102"]

1. e4 Nc6 2. Nf3 d6 3. c4 e5 4. Nc3 Nf6 5. d4 exd4 6. Nxd4 Be7 7. Be2 O-O 8. O-O a5 9. Be3 Re8 10. Rc1 Bf8 11. f3 h6 12. Rf2 Bd7 13. Bf1 g6 14. Qd2 Kh7 15. b3 Bg7 16. Nd5 Ne5 17. Ne2 a4 18. Nec3 axb3 19. axb3 Bc6 20. h3 b6 21. g3 Nh5 22. Kh2 Nd7 23. Bg2 Nc5 24. Qc2 Bxd5 25. Nxd5 c6 26. Nc3 Qc7 27. f4 Bxc3 28. Qxc3 Nxe4 29. Bxe4 Rxe4 30. Qd3 Rae8 31. Bd4 c5 32. Bb2 Re3 33. Qd1 Nxg3 34. Rf3 Rxf3 35. Qxf3 Nf5 36. Rd1 Qe7 37. Rd2 Qe3 38. Qxe3 Rxe3 39. Bf6 Rxb3 40. Ra2 g5 41. fxg5 hxg5 42. Bxg5 Rc3 43. Rf2 Kg6 44. Bd8 Rxc4 45. Rg2+ Kh7 46. Bxb6 d5 47. Rf2 Kg6 48. Rg2+ Kf6 49. Bd8+ Ke6 50. Re2+ Re4 51. Ra2 c4 52. Ra6+ Ke5 53. Kg2 c3 54. Bf6+ Kf4 55. Bxc3 d4 56. Bd2+ Ne3+ 57. Kf2 f5 58. Ra4 Ke5 59. Ra5+ Ke6 60. Ra6+ Ke5 61. Ra4 Nd5 62. Ra5 Rh4 63. Kg2 Rh8 64. Be1 Ke4 65. Ra1 Ne3+ 66. Kf2 Rxh3 67. Ra8 Rf3+ 68. Ke2 d3+ 69. Kd2 Nc4+ 70. Kd1 Ne3+ 71. Kd2 Nc4+ 72. Kd1 Rh3 73. Re8+ Kd4 74. Bf2+ Kc3 75. Rf8 Rh1+ 76. Be1+ d2 77. Ke2 dxe1=Q+ 78. Kf3 Rf1+ 79. Kg2 Qf2+ 80. Kh3 Rh1# 0-1


[Site "https://www.chess.com"]

[Event "Titled Tuesday Blitz August 22 Early 2023"]
[White "Slovineanu, Viacheslav"]
[Black "Shishkov, Andrei"]
[WhiteFideId "13900510"]
[BlackFideId "4500563"]
[WhiteElo "2391"]
[BlackElo "2513"]
[Result "1-0"]
[Round "9"]
[TimeControl "180+1"]
[Date "2023.08.22"]
[WhiteClock "0:01:35"]
[BlackClock "0:00:02"]
[Board "103"]

1. d4 Nf6 2. Nf3 e6 3. c4 d5 4. e3 Be7 5. b3 O-O 6. Bd3 dxc4 7. bxc4 c5 8. O-O b6 9. Bb2 Bb7 10. Qe2 Nbd7 11. Nc3 Rc8 12. Rad1 cxd4 13. exd4 Qc7 14. Ne5 Nxe5 15. dxe5 Nd7 16. Nb5 Qc6 17. Qg4 h5 18. Qg3 h4 19. Qg4 Nc5 20. Nxa7 Qc7 21. Nxc8 Rxc8 22. Bc2 Ra8 23. Qh5 g6 24. Bxg6 fxg6 25. Qxg6+ Kf8 26. Rd4 Be4 27. Rxe4 Nxe4 28. Qxe4 Rxa2 29. Bc1 Ra4 30. Bh6+ Ke8 31. Rd1 Qxc4 32. Qg6# 1-0


[Site "https://www.chess.com"]

[Event "Titled Tuesday Blitz August 22 Early 2023"]
[White "Glavina, Pablo"]
[Black "laidfrq"]
[WhiteFideId "100234"]
[WhiteElo "2510"]
[BlackElo "2372"]
[Result "1-0"]
[Round "9"]
[TimeControl "180+1"]
[Date "2023.08.22"]
[WhiteClock "0:00:03"]
[BlackClock "0:00:06"]
[Board "104"]

1. c4 e5 2. Nc3 d6 3. Nf3 f5 4. d4 e4 5. Ng1 Be7 6. Bf4 Nf6 7. e3 O-O 8. h4 c6 9. Nh3 Na6 10. Qb3 Nc7 11. Be2 d5 12. Bxc7 Qxc7 13. cxd5 Kh8 14. Nf4 Bd6 15. g3 Rd8 16. dxc6 bxc6 17. O-O Rb8 18. Qc2 Bxf4 19. gxf4 Qf7 20. Kh2 Be6 21. Rg1 Bc4 22. b3 Bxe2 23. Qxe2 Rbc8 24. Rad1 Qe6 25. Kh3 Rc7 26. Na4 Ng4 27. Nc5 Qe7 28. Rxg4 fxg4+ 29. Qxg4 Rd5 30. Rc1 Qe8 31. Rc4 g6 32. Ra4 Rf5 33. Rb4 Re7 34. Na6 Qd7 35. Rb8+ Kg7 36. Nc5 h5 37. Nxd7 hxg4+ 38. Kxg4 Rxd7 39. Re8 Ra5 40. a4 Rb7 41. Rxe4 Rxb3 42. Re6 Rxa4 43. Rxc6 Rb7 44. d5 Ra5 45. e4 Re7 46. f3 Ra1 47. f5 Rg1+ 48. Kf4 gxf5 49. Kxf5 a5 50. Ra6 Ra1 51. e5 Rb7 52. f4 a4 53. Rg6+ Kf7 54. e6+ Kf8 55. d6 Rc1 56. Kf6 Rc6 57. e7+ Ke8 58. Rg8+ Kd7 59. Rd8# 1-0


[Site "https://www.chess.com"]

[Event "Titled Tuesday Blitz August 22 Early 2023"]
[White "Konenkin, Dmitry"]
[Black "Mazurkiewicz, Michal"]
[WhiteFideId "4185781"]
[BlackFideId "1124943"]
[WhiteElo "2387"]
[BlackElo "2506"]
[Result "1-0"]
[Round "9"]
[TimeControl "180+1"]
[Date "2023.08.22"]
[WhiteClock "0:02:21"]
[BlackClock "0:02:05"]
[Board "105"]

1. d4 Nf6 2. Bg5 e6 3. e4 h6 4. Bxf6 Qxf6 5. Nc3 Bb4 6. Qd2 d6 7. Nf3 Qg6 8. O-O-O Bxc3 9. Qxc3 Qxe4 10. Qxc7 Qc6 11. Bb5 Qxb5 12. Qxc8+ Ke7 13. Qxh8 1-0


[Site "https://www.chess.com"]

[Event "Titled Tuesday Blitz August 22 Early 2023"]
[White "Tikhonov, Viacheslav"]
[Black "Bashirli, Saadat"]
[WhiteFideId "44196407"]
[BlackFideId "13429990"]
[WhiteElo "2506"]
[BlackElo "2364"]
[Result "0-1"]
[Round "9"]
[TimeControl "180+1"]
[Date "2023.08.22"]
[WhiteClock "0:00:14"]
[BlackClock "0:00:13"]
[Board "106"]

1. d4 Nf6 2. c4 g6 3. Nc3 Bg7 4. e4 d6 5. Be2 O-O 6. h4 h5 7. Nf3 c5 8. d5 Nbd7 9. Ng5 Ne5 10. f3 a6 11. Be3 Rb8 12. Qd2 Bd7 13. a4 Qa5 14. Ra3 Qb4 15. Na2 Qxd2+ 16. Kxd2 Rfc8 17. Nc3 b6 18. Nh3 Kf8 19. b3 Ke8 20. Nf4 Kf8 21. Nd3 Nxd3 22. Bxd3 e5 23. Rb1 a5 24. f4 Ng4 25. f5 Nxe3 26. Kxe3 Ke7 27. Ra2 Rg8 28. Rf2 gxf5 29. exf5 Bh6+ 30. Ke2 f6 31. Rh1 Rg3 32. Nd1 Rbg8 33. Rh2 Bf4 34. Be4 Rxb3 35. Rh3 Rb4 36. Bf3 Be8 37. Nc3 Rxc4 38. Nb5 Rxa4 39. Nc7 Bf7 40. Ne6 Ra2+ 41. Kf1 Ra1+ 42. Ke2 b5 43. Nxf4 exf4 44. Be4 Ra2+ 45. Kf3 Rxf2+ 46. Kxf2 Rg4 47. Bf3 Rg8 48. Be4 b4 49. Bc2 Bxd5 50. Rd3 Bxg2 51. Rd2 Bc6 52. Bb3 Rg2+ 53. Ke1 Rxd2 54. Kxd2 d5 55. Kd3 c4+ 56. Kc2 cxb3+ 57. Kxb3 f3 58. Ka2 f2 59. Kb3 f1=Q 60. Kc2 Qe2+ 61. Kb3 Qc4+ 62. Kb2 Ba4 63. Ka1 Qc1+ 64. Ka2 b3# 0-1


[Site "https://www.chess.com"]

[Event "Titled Tuesday Blitz August 22 Early 2023"]
[White "Pax-Pramana"]
[Black "Pace, Christopher"]
[BlackFideId "2610167"]
[WhiteElo "2504"]
[BlackElo "2357"]
[Result "1-0"]
[Round "9"]
[TimeControl "180+1"]
[Date "2023.08.22"]
[WhiteClock "0:00:05"]
[BlackClock "0:00:01"]
[Board "107"]

1. e4 e5 2. Nf3 Nc6 3. d4 exd4 4. c3 d5 5. exd5 Qxd5 6. cxd4 Bg4 7. Be2 Bb4+ 8. Nc3 Bxf3 9. Bxf3 Qc4 10. Qb3 Qxb3 11. Bxc6+ bxc6 12. axb3 Ne7 13. O-O a5 14. Bf4 O-O-O 15. Rfd1 Nd5 16. Bd2 Nf6 17. Bg5 Rhe8 18. Kf1 Rd6 19. Bf4 Rd7 20. Be5 Ng4 21. Bg3 Red8 22. h3 Nh6 23. Ne2 Nf5 24. Bf4 Nxd4 25. Nxd4 Rxd4 26. Rxd4 Rxd4 27. Be5 Rd3 28. Bxg7 Rxb3 29. Ke2 c5 30. Be5 Kd7 31. Rd1+ Kc6 32. g4 a4 33. Ra1 Kb5 34. h4 Rh3 35. h5 Rb3 36. g5 c4 37. Rg1 Rd3 38. f4 Rd5 39. Kf3 a3 40. bxa3 Bxa3 41. Ke4 Rd2 42. Rb1+ Kc6 43. Kf5 Re2 44. Kf6 Rg2 45. Kxf7 Rh2 46. h6 c3 47. Bxc3 1-0


[Site "https://www.chess.com"]

[Event "Titled Tuesday Blitz August 22 Early 2023"]
[White "Perez, Maximiliano"]
[Black "kaanadayhamle"]
[WhiteFideId "117234"]
[WhiteElo "2504"]
[BlackElo "2352"]
[Result "0-1"]
[Round "9"]
[TimeControl "180+1"]
[Date "2023.08.22"]
[WhiteClock "0:00:16"]
[BlackClock "0:00:05"]
[Board "108"]

1. d4 Nf6 2. Bf4 d5 3. e3 e6 4. Nf3 Bd6 5. Bg3 O-O 6. Nbd2 b6 7. c3 Bb7 8. Bd3 c5 9. Ne5 Qc7 10. f4 Nbd7 11. Qf3 Rae8 12. Bh4 c4 13. Bc2 b5 14. g4 Bxe5 15. fxe5 Ne4 16. Nxe4 dxe4 17. Bxe4 Bxe4 18. Qxe4 f5 19. exf6 Nxf6 20. Bxf6 Rxf6 21. O-O-O Rf2 22. Rd2 Rxd2 23. Kxd2 Qf7 24. Qg2 Rf8 25. Ke2 Qg6 26. e4 Rf4 27. h3 Rxe4+ 28. Kd2 Qg5+ 29. Kd1 Qe3 30. Rf1 Qd3+ 31. Kc1 h6 32. Rd1 Qe3+ 33. Kc2 Kh7 34. b3 cxb3+ 35. axb3 b4 36. cxb4 Rf4 37. Rd2 Rxd4 38. Rxd4 Qxd4 39. Qe2 e5 40. b5 Qf4 41. Kd3 Qd4+ 42. Kc2 Kg6 43. Qc4 Qf2+ 44. Kc3 Qe3+ 45. Kb4 Qd2+ 46. Ka3 Qd6+ 47. Ka4 Qd4 48. Qxd4 exd4 49. Kb4 Kf6 50. Kc4 Ke5 51. h4 Ke4 52. g5 hxg5 53. hxg5 d3 54. Kc3 Ke3 0-1


[Site "https://www.chess.com"]

[Event "Titled Tuesday Blitz August 22 Early 2023"]
[White "Juicy_Fork"]
[Black "Kovalevsky, Stanislav"]
[BlackFideId "13508598"]
[WhiteElo "2341"]
[BlackElo "2503"]
[Result "0-1"]
[Round "9"]
[TimeControl "180+1"]
[Date "2023.08.22"]
[WhiteClock "0:00:39"]
[BlackClock "0:01:29"]
[Board "109"]

1. e4 c6 2. d4 d5 3. f3 g6 4. Nc3 Bg7 5. e5 f6 6. f4 Nh6 7. Nf3 Bg4 8. h3 Bxf3 9. Qxf3 Nf5 10. Qf2 Qb6 11. g4 Nxd4 12. Bd3 fxe5 13. fxe5 Rf8 14. Qe3 Bxe5 15. Rf1 Rxf1+ 16. Kxf1 Nd7 17. a4 O-O-O 18. a5 Rf8+ 19. Kg2 Qc7 20. a6 b6 21. Ne2 Nxe2 22. Qxe2 Bh2 23. Bh6 Qg3+ 24. Kh1 Rf2 0-1


[Site "https://www.chess.com"]

[Event "Titled Tuesday Blitz August 22 Early 2023"]
[White "Kaganskiy, Gleb"]
[Black "Kuzmin, Roman"]
[WhiteFideId "4132025"]
[BlackFideId "44134932"]
[WhiteElo "2333"]
[BlackElo "2501"]
[Result "0-1"]
[Round "9"]
[TimeControl "180+1"]
[Date "2023.08.22"]
[WhiteClock "0:00:00"]
[BlackClock "0:00:26"]
[Board "110"]

1. e4 c5 2. c3 d5 3. exd5 Qxd5 4. d4 Nc6 5. Nf3 Nf6 6. Be2 Bg4 7. h3 Bh5 8. c4 Qd7 9. d5 Bxf3 10. Bxf3 Nd4 11. Nc3 g6 12. Be3 Nxf3+ 13. Qxf3 Rc8 14. O-O Bg7 15. Rfe1 O-O 16. Re2 a6 17. a4 e6 18. dxe6 fxe6 19. Rd1 Qc7 20. Qf4 Qb6 21. Qd6 Rc6 22. Qd2 Qb4 23. Qd3 Ne8 24. Qe4 Bxc3 25. bxc3 Qxc3 26. Bc1 Nf6 27. Qb1 Qxc4 28. Rc2 Qe4 29. Bb2 Nd5 30. Ba1 c4 31. Qxb7 Rc7 32. Qxa6 Qxc2 33. Qxe6+ Rcf7 34. Qxd5 Qxf2+ 35. Kh1 Qc2 36. Rf1 Qd3 37. Rxf7 Rxf7 38. Qa8+ Rf8 39. Qb7 Qf1+ 40. Kh2 Qxa1 0-1


[Site "https://www.chess.com"]

[Event "Titled Tuesday Blitz August 22 Early 2023"]
[White "Gogolev, Artem"]
[Black "laimis61"]
[WhiteFideId "4116615"]
[WhiteElo "2498"]
[BlackElo "2299"]
[Result "0-1"]
[Round "9"]
[TimeControl "180+1"]
[Date "2023.08.22"]
[WhiteClock "0:00:00"]
[BlackClock "0:00:57"]
[Board "111"]

1. d4 d5 2. c4 e6 3. g3 dxc4 4. Bg2 a6 5. Nf3 b5 6. Ne5 c6 7. Nxc6 Qb6 8. Ne5 Bb7 9. e4 Nf6 10. d5 exd5 11. exd5 Bd6 12. Ng4 Nxg4 13. Qxg4 O-O 14. O-O Re8 15. Nc3 Bc8 16. Qh4 Nd7 17. a4 Rb8 18. axb5 axb5 19. Be3 Bc5 20. Bf4 Bd6 21. Ne4 Bxf4 22. Qxf4 Ne5 23. Ng5 f6 24. Nf3 Bd7 0-1


[Site "https://www.chess.com"]